 Dungeon Crawl Stone Soup version 0.28-a0-8-g6e044cfa68 (webtiles) character file.

Game seed: 16875145069434815192

1392 Zonian the Conjurer (level 8, 0/63 HPs)
             Began as a Purple Draconian Conjurer on July 24, 2021.
             Was a Believer of Qazlal.
             Slain by a gargoyle (16 damage)
             ... on level 5 of the Dungeon.
             The game lasted 00:13:57 (8640 turns).

Zonian the Conjurer (Purple Draconian Conjurer)     Turns: 8640, Time: 00:13:57

Health: 0/63       AC:  6    Str: 16    XL:     8   Next: 41%
Magic:  9/15       EV: 12    Int: 20    God:    Qazlal [**....]
Gold:   367        SH:  3    Dex: 10    Spells: 7/16 levels left

rFire   . . .      SeeInvis .   m - +4 hand axe
rCold   . . .      Faith    .   (no shield)
rNeg    . . .      Spirit   .   (armour unavailable)
rPois   .          Reflect  .   (helmet restricted)
rElec   +          Harm     .   (no cloak)
rCorr   +          Rampage  .   (no gloves)
Will    +....                   (no boots)
Stlth   +++.......              a - amulet of Xom's Capriciousness {RegenMP +Blink rElec rCorr Stlth+}
HPRegen 0.20/turn               s - +6 ring of strength
MPRegen 0.39/turn               (no ring)

@: studying Poison Magic
A: breathe power, AC +6, unfitting armour, cold-blooded
a: Breathe Dispelling Energy, Renounce Religion, Evoke Blink, Upheaval


You were on level 5 of the Dungeon.
You worshipped Qazlal.
Qazlal was pleased with you.
You visited 1 branch of the dungeon, and saw 5 of its levels.

You collected 367 gold pieces.

Inventory:

Hand Weapons
 b - a +0 dagger
 e - a +0 long sword
 h - a +0 hunting sling
 j - a +0 quarterstaff
 m - a +4 hand axe (weapon)
Missiles
 f - 8 sling bullets
 k - 6 javelins
Magical Staves
 p - a staff of fire
Jewellery
 a - the amulet of Xom's Capriciousness (around neck) {RegenMP +Blink rElec rCorr Stlth+}
   (You acquired it on level 2 of the Dungeon)

   [amulet of magic regeneration]

   It increases your rate of magic regeneration.
   rElec:     It insulates you from electricity.
   +Blink:    It lets you blink.
   rCorr:     It protects you from acid and corrosion.
   Stlth:     It makes you more stealthy.
 s - a +6 ring of strength (left hand)
Scrolls
 l - a scroll of blinking
 q - a scroll of fear
 r - 2 scrolls of fog
Potions
 c - 2 potions of flight
 d - 2 potions of curing {unknown}
 g - 2 potions of ambrosia
 i - a potion of berserk rage {unknown}
 n - a potion of attraction {unknown}
 o - 2 potions of brilliance {unknown}
 t - a potion of lignification {unknown}
 u - 2 potions of resistance {unknown}
 v - a potion of mutation {unknown}


   Skills:
 + Level 3.1 Fighting
 - Level 0.4 Short Blades
 + Level 2.7 Axes
 + Level 3.4 Dodging
 + Level 3.5 Stealth
 + Level 4.7 Spellcasting
 + Level 5.7 Conjurations
 + Level 1.9 Hexes
 + Level 1.6 Air Magic
 + Level 2.4 Poison Magic
 + Level 3.3 Invocations
 + Level 3.2 Evocations


You had 7 spell levels left.
You knew the following spells:

 Your Spells              Type           Power      Damage    Failure   Level
a - Magic Dart            Conj           100%       1d8       1%          1
b - Searing Ray           Conj           54%        3d5       1%          2
c - Dazzling Flash        Conj/Hex       40%        N/A       8%          3
d - Mephitic Cloud        Conj/Pois/Air  17%        N/A       10%         3

Your spell library contained the following spells:

 Spells                   Type           Power      Damage    Failure   Level
 Slow                     Hex            12%        N/A       8%          2
 Animate Skeleton         Necr           8%         N/A       12%         1
 Confusing Touch          Hex            12%        N/A       16%         3
 Call Imp                 Summ           4%         N/A       19%         2
 Fulminant Prism          Conj/Hex       10%        3d9       24%         4
 Ozocubu's Armour         Ice            4%         N/A       34%         3
 Vampiric Draining        Necr           2%         2d6       34%         3
 Iskenderun's Mystic Bla  Conj/Tloc      16%        2d5       36%         4
 Ozocubu's Refrigeration  Ice            2%         4d5       100%        7


Dungeon Overview and Level Annotations

Branches:
Dungeon (5/15)
 Temple: D:4-7

Altars:
Ashenzari
Cheibriados
Makhleb
Qazlal
Vehumet
Wu Jian
The Shining One


Innate Abilities, Weirdness & Mutations

You can breathe bolts of dispelling energy.
Your rich purple scales are hard. (AC +6)
You cannot fit into any form of body armour.
You are cold-blooded and may be slowed by cold attacks.


Message History

You can't see any susceptible monsters within range! (Use Z to cast anyway.)
You can't see any susceptible monsters within range! (Use Z to cast anyway.) Unknown command.
Found a murky white potion.
Casting: Magic Dart (safe; 1% risk of failure)
Confirm with . or Enter, or press ? or * to list all spells.
Aiming: Searing Ray (safe; 1% risk of failure)
Press: ? - help, Shift-Dir - straight line, f/p - gargoyle
Aim: a gargoyle, wielding a +0 mace (90% to hit)
The searing ray hits the gargoyle.
The gargoyle is lightly damaged. (Press . to maintain the ray.) Unknown command.
The searing ray hits the gargoyle.
The gargoyle is moderately damaged.
Unknown command.
The searing ray hits the gargoyle but does no damage.
The gargoyle is moderately damaged.
Unknown command.
The searing ray hits the gargoyle.
The gargoyle is heavily damaged.
You finish channeling your searing ray.
The gargoyle hits you with a +0 mace!
Unknown command.
Casting: Searing Ray (safe; 1% risk of failure)
Confirm with . or Enter, or press ? or * to list all spells.
Aiming: Searing Ray (safe; 1% risk of failure)
Press: ? - help, Shift-Dir - straight line, f/p - gargoyle
Aim: a gargoyle, wielding a +0 mace (heavily damaged, 90% to hit)
The searing ray hits the gargoyle but does no damage.
The gargoyle is heavily damaged. (Press . to maintain the ray.)
The gargoyle hurls a stone arrow at you.
The stone arrow hits you!!
The searing ray hits the gargoyle but does no damage.
The gargoyle is heavily damaged.
The gargoyle hits you with a +0 mace!
* * * LOW HITPOINT WARNING * * *
Unknown command.
You fail to use your ability.
The gargoyle hits you with a +0 mace!
You die...

####.....#
#.#####..##.#........
.........#
#..................#.
.....#####
#.######..##.#####.#.
.....#
#^....<....#.#####...
..)..#
##.#..#....#.##.####.
.....#
#.#.........#..#....
######
#....##.#...#..#.### #
##......#.###....... #
########.@###.#.#....#.###
# #........9###.#.#.####.#
# #.................# ..#
#####
#.............#####.####
....#
#..........#........#
....#
#........#.##.####..#
....# #........#....#
....# #.......(##.#.#
....# #........##.#.#


You could see a gargoyle.

Vanquished Creatures
  Grinder (D:3)
  Sigmund (D:4)
  A wyvern (D:4)
  A water moccasin (D:5)
  A necrophage (D:5)
  An ogre (D:4)
  2 scorpions (D:5)
  2 water moccasin skeletons
  A bullfrog zombie (D:5)
  2 gnoll shamans (D:4)
  2 orc wizards
  Robin (D:3)
  7 gnolls
  6 adders
  A shadow imp (D:5)
  2 worms
  A dart slug (D:3)
  10 orcs
  7 endoplasms
  2 giant cockroaches
  14 goblins
  8 hobgoblins
  2 jackals (D:3)
  2 kobolds
  4 quokkas
  4 ball pythons
  4 bats
  A frilled lizard (D:3)
  5 rats
96 creatures vanquished.

Vanquished Creatures (others)
  37 plants (D:3)
37 creatures vanquished.

Grand Total: 133 creatures vanquished

Notes
Turn   | Place    | Note
-------+----------+-------------------------------------------
     0 | D:1      | Zonian the Draconian Conjurer began the quest for the Orb.
     0 | D:1      | Reached XP level 1. HP: 14/14 MP: 3/3
   619 | D:1      | Reached XP level 2. HP: 20/20 MP: 1/5
  1705 | D:2      | Found a faded altar of an unknown god.
  1713 | D:2      | Got Plato's Catalogue of Dark Rituals
  1714 | D:2      | Became a worshipper of Qazlal Stormbringer
  1714 | D:2      | Reached * piety under Qazlal
  2004 | D:2      | Reached XP level 3. HP: 26/26 MP: 1/6
  2007 | D:2      | Learned a level 2 spell: Searing Ray
  2230 | D:2      | Identified a scroll of acquirement
  2230 | D:2      | Acquired the amulet of Xom's Capriciousness {RegenMP +Blink
                  | rElec rCorr Stlth+}
  3614 | D:3      | Noticed Robin
  3649 | D:3      | Reached XP level 4. HP: 30/33 MP: 7/7
  3662 | D:3      | Reached ** piety under Qazlal
  3886 | D:3      | Killed Robin
  4034 | D:3      | Found a radiant altar of Vehumet.
  4063 | D:3      | Reached skill level 1 in Invocations
  4063 | D:3      | Reached skill level 1 in Evocations
  4329 | D:3      | Found a burning altar of Makhleb.
  4983 | D:3      | Noticed Grinder
  4994 | D:3      | Killed Grinder
  4995 | D:3      | Reached skill level 1 in Fighting
  4995 | D:3      | Reached skill level 1 in Axes
  4995 | D:3      | Reached skill level 5 in Conjurations
  4995 | D:3      | Reached XP level 5. HP: 32/40 MP: 2/9
  4995 | D:3      | Reached XP level 6. HP: 38/47 MP: 2/10
  5962 | D:4      | Noticed Sigmund
  5967 | D:4      | Killed Sigmund
  5968 | D:4      | Your scales start taking on a rich purple colour.
  5968 | D:4      | Reached XP level 7. HP: 46/55 MP: 4/13
  6018 | D:4      | Learned a level 3 spell: Dazzling Flash
  6534 | D:4      | Learned a level 3 spell: Mephitic Cloud
  6667 | D:4      | Found an ornate altar of the Wu Jian Council.
  6670 | D:4      | Found a snail-covered altar of Cheibriados.
  6673 | D:4      | Found a glowing golden altar of the Shining One.
  6676 | D:4      | Found a broken altar of Ashenzari.
  7101 | D:5      | Entered Level 5 of the Dungeon
  7101 | D:5      | Noticed a wyvern
  7113 | D:4      | Killed a wyvern
  7114 | D:4      | Reached skill level 1 in Hexes
  7114 | D:4      | Reached skill level 1 in Poison Magic
  7495 | D:4      | Reached skill level 1 in Air Magic
  7847 | D:5      | Reached XP level 8. HP: 44/62 MP: 11/14
  8620 | D:5      | Noticed a gargoyle
  8640 | D:5      | Slain by a gargoyle

Illustrated notes

Levels and vault maps discovered:
D:1:      psy_arrival_radial01, layout_rooms, serial_aquarium,
          aquarium_bridge_long_separate [aquarium_subvault_window,
          aquarium_subvault_bridge, aquarium_subvault_bridge,
          aquarium_subvault_wall, aquarium_subvault_bridge,
          aquarium_subvault_window], aquarium_window_2, aquarium_window_corner,
          aquarium_window_fake, aquarium_window_2, aquarium_view_2d,
          aquarium_pool_five, minmay_pentomino_o2
D:2:      layout_basic, shapermc_ecumenical_altar_rom_forum
D:3:      layout_loops_ring, mainiacjoe_overflow_boulevard,
          mainiacjoe_overflow_six_doors_small, serial_bayou_lake_a, uniq_robin,
          uniq_grinder
D:4:      layout_basic, grunt_temple_overflow_cloverleaf,
          minmay_manual_monstrance, uniq_sigmund
D:5:      layout_basic

Skill      XL: |  1  2  3  4  5  6  7  8 |
---------------+-------------------------+-----
Dodging        | 2 3 |  3.4
Stealth        | 2 3 |  3.5
Invocations    | 1 2 3 |  3.3
Evocations     | 1 2 3 |  3.2
Fighting       | 1 2 3 |  3.1
Axes           | 1 2 |  2.7
Spellcasting   | 3 4 |  4.7
Conjurations   | 5 |  5.7
Hexes          | 1 |  1.9
Poison Magic   | 1 2 |  2.4
Air Magic      | 1 |  1.6
Short Blades   | |  0.4

Action                   |  1- 3 |  4- 6 |  7- 9 || total
-------------------------+-------+-------+-------++-------
Melee: Unarmed           |     6 |       |       ||     6
       Tailslap          |     6 |     3 |     4 ||    13
       Long sword        |    50 |    17 |       ||    67
       Dagger            |       |    12 |       ||    12
       Hand axe          |       |    10 |    36 ||    46
 Fire: Hunting sling     |       |     8 |       ||     8
 Cast: Magic Dart        |    54 |    20 |    60 ||   134
       Searing Ray       |     2 |     8 |    14 ||    24
 Abil: Breathe Dispellin |       |       |     1 ||     1
  Use: Scroll            |     6 |     3 |     2 ||    11
Armor: Skin              |    15 |    12 |    10 ||    37
Dodge: Dodged            |    42 |    22 |    27 ||    91
Block: Other             |     2 |     1 |     5 ||     8
       Rpst.: Long sword |    13 |     3 |       ||    16

Table legend: (Time is in decaauts)
 A = Elapsed time spent in this place.
 B = Non-inter-level travel time spent in this place.
 C = Inter-level travel time spent in this place.
 D = Time resting spent in this place.
 E = Time spent auto-exploring this place.
 F = Levels seen in this place.
 G = Mean time per level.
                   A        B        C        D        E       F      G
               +--------+--------+--------+--------+--------+-----+--------+
         Total |   8714 |   8550 |    164 |   4361 |   3162 |   5 | 1742.8 |
       Dungeon |   8714 |   8550 |    164 |   4361 |   3162 |   5 | 1742.8 |
               +--------+--------+--------+--------+--------+-----+--------+

Top non-repeatable levels by time:
     D:3: 2363 daAuts
     D:4: 2093 daAuts
     D:1: 2066 daAuts
     D:2: 1292 daAuts
     D:5: 900 daAuts
